 Dungeon Crawl Stone Soup version 0.28-a0-429-g1448048969 (webtiles) character file.

Game seed: 4877407443305467810

1067344 dolemite99 the Conqueror (level 27, -1/191 HPs)
             Began as a Hill Orc Fighter on Sept 10, 2021.
             Was an Elder of the Shining One (penitent).
             Killed by divine providence
             ... invoked by a daeva
              (12 damage)
             ... in Pandemonium.
             The game lasted 05:37:53 (138931 turns).

dolemite99 the Conqueror (Hill Orc Fighter)       Turns: 138931, Time: 05:37:54

Health: -1/191     AC: 45    Str: 30    XL:     27
Magic:  38/39      EV: 13    Int:  7    God:    the Shining One [*]
Gold:   2099       SH: 13    Dex: 10    Spells: 17/36 levels left

rFire   + . .      SeeInvis .   a - +6 broad axe (freeze)
rCold   + + .      Faith    +   f - +1 kite shield {reflect}
rNeg    + + .      Spirit   .   S - +7 gold dragon scales
rPois   +          Reflect  +   (helmet restricted)
rElec   .          Harm     .   P - +2 cloak
rCorr   +          Rampage  .   G - +2 pair of gloves {Str+3}
Will    ++...                   C - +2 pair of boots {Fly}
Stlth   ..........              H - amulet of faith
HPRegen 0.41/turn               l - ring of Panateot {Wiz rCorr, =R}
MPRegen 0.26/turn               u - ring of protection from cold

@: about to teleport, flying, glowing, studying Long Blades
A: antennae 1, camouflage 1, deterioration 2, dopey 2, frail 3, sense
surroundings 1, weak 1, wild magic 1, evolution 1, no potion heal 1, sturdy
frame 1
}: 9/15 runes: decaying, slimy, silver, abyssal, glowing, magical, fiery, dark,
gossamer
a: Renounce Religion


You were in Pandemonium.
You worshipped the Shining One.
The Shining One was demanding penance.
You visited 15 branches of the dungeon, and saw 62 of its levels.
You visited Pandemonium 3 times, and saw 12 of its levels.
You visited the Abyss 4 times.
You visited 1 ziggurat, and saw 6 of its levels.
You also visited: Ossuary and Bailey.

You collected 12540 gold pieces.
You spent 7056 gold pieces at shops.
You donated 3385 gold pieces to Zin.

Inventory:

Hand Weapons
 a - a +6 broad axe of freezing (weapon)
 b - the +5 fustibalus of the Freezing Augurer {freeze, rPois Will+}
   (You took it off Donald on level 3 of the Elven Halls)

   Any ammunition fired from it freezes those it strikes, dealing additional
   cold damage.
   It can also slow down cold-blooded creatures.
   rPois:     It protects you from poison.
   Will:      It increases your willpower.
 F - a +5 broad axe of holy wrath
Missiles
 A - 99 sling bullets
 K - 2 boomerangs (quivered)
 O - 6 silver boomerangs
Armour
 f - a +1 kite shield of reflection (worn)
 g - the +1 helmet "Faomas" {Will+}
   (You found it on level 3 of the Elven Halls)

   Will:      It increases your willpower.
 j - the +2 helmet "Earthly Heaven" {rPois Int+4}
   (You acquired it on level 1 of the Realm of Zot)

   Int:       It affects your intelligence (+4).
   rPois:     It protects you from poison.
 B - the +12 crystal plate armour "Comnicw" {*Corrode rElec rF++}
   (You found it on level 4 of the Vaults)

   rF:        It greatly protects you from fire.
   rElec:     It insulates you from electricity.
   *Corrode:  It may corrode you when you take damage.
 C - a +2 pair of boots of flying (worn)
 G - a +2 pair of gloves of strength (worn)
 P - a +2 cloak (worn)
 S - +7 gold dragon scales (worn)
Magical Staves
 w - a staff of air
Jewellery
 l - the ring of Panateot (left hand) {Wiz rCorr, =R}
   (You found it on level 4 of the Depths)

   [ring of wizardry]

   It improves your spell success rate.
   rCorr:     It protects you from acid and corrosion.
 s - the ring of Darkness {rPois rF- Will+++ rCorr Str-2}
   (You took it off a deep elf high priest on level 3 of the Elven Halls)

   [ring of resist corrosion]

   Str:       It affects your strength (-2).
   rF:        It makes you vulnerable to fire.
   rPois:     It protects you from poison.
   rCorr:     It protects you from acid and corrosion.
   Will:      It greatly increases your willpower.
 t - the ring of Sely {Fly Will+}
   (You took it off a deep elf knight on level 3 of the Elven Halls)

   [ring of flight]

   Fly:       It grants you flight.
   Will:      It increases your willpower.
 u - a ring of protection from cold (right hand)
 x - an amulet of reflection
 z - the ring "Mameunli" {Str+6 Int+5}
   (You took it off a deep elf high priest on level 3 of the Elven Halls)

   [ring of strength]

   Str:       It affects your strength (+6).
   Int:       It affects your intelligence (+5).
 E - a ring of protection from fire
 H - an amulet of faith (around neck)
 I - a ring of positive energy
 Y - the ring of Fowniot {Fly SInv}
   (You found it on level 6 of the Lair of Beasts)

   [ring of flight]

   SInv:      It lets you see invisible.
   Fly:       It grants you flight.
Wands
 d - a wand of paralysis (54)
 y - a wand of polymorph (57)
 M - a wand of charming (44)
 R - a wand of iceblast (11)
 U - a wand of mindburst (14)
 W - a wand of digging (57)
Scrolls
 e - 15 scrolls of teleportation
 q - 3 scrolls of fear
 r - 54 scrolls of identify {@r1}
 Q - 2 scrolls of blinking
 X - a scroll of brand weapon
Potions
 m - 8 potions of cancellation
 n - 10 potions of ambrosia
 p - 8 potions of curing
 D - 7 potions of attraction
 T - 10 potions of brilliance
 V - 5 potions of berserk rage
Miscellaneous
 c - a phantom mirror (inert)
 h - a box of beasts (inert)
 v - a tin of tremorstones (inert)
 L - a phial of floods (inert)
 Z - a lightning rod (1/4)


   Skills:
 O Level 27 Fighting
 + Level 6.0 Long Blades
 - Level 20.0(22.8) Axes
 - Level 17.2(19.8) Maces & Flails
 - Level 12.1(14.0) Slings
 - Level 12.0(13.9) Throwing
 - Level 26.0 Armour
 + Level 15.2 Dodging
 - Level 15.0 Shields
 - Level 5.0 Spellcasting
 - Level 14.4 Summonings
 - Level 14.2 Translocations
 - Level 8.8 Transmutations
 - Level 13.6 Air Magic
 - Level 12.3 Earth Magic
 - Level 24.5 Invocations
 + Level 17.5 Evocations


You had 17 spell levels left.
You knew the following spells:

 Your Spells              Type           Power      Damage    Failure   Level
a - Summon Lightning Spi  Summ/Air       27%        N/A       2%          4
b - Blink                 Tloc           N/A        N/A       1%          2
c - Lesser Beckoning      Tloc           28%        N/A       1%          3
d - Apportation           Tloc           56%        N/A       1%          1
e - Swiftness             Air            27%        N/A       1%          3
f - Passage of Golubria   Tloc           N/A        N/A       2%          4
g - Passwall              Tmut/Erth      17%        N/A       1%          2

Your spell library contained the following spells:

 Spells                   Type           Power      Damage    Failure   Level
 Sandblast                Erth           48%        2d12      1%          1
 Summon Small Mammal      Summ           100%       N/A       1%          1
 Call Imp                 Summ           28%        N/A       1%          2
 Call Canine Familiar     Summ           28%        N/A       1%          3
 Gell's Gravitas          Tloc           14%        N/A       1%          3
 Teleport Other           Tloc           28%        N/A       1%          3
 Airstrike                Air            13%        N/A       2%          4
 Wereblood                Tmut           18%        N/A       3%          2
 Animate Armour           Summ/Erth      52%        N/A       3%          4
 Corpse Rot               Necr/Air       N/A        N/A       6%          2
 Poisonous Vapours        Pois/Air       28%        N/A       6%          2
 Static Discharge         Conj/Air       14%        N/A       6%          2
 Manifold Assault         Tloc           28%        N/A       6%          5
 Petrify                  Tmut/Erth      21%        N/A       9%          4
 Portal Projectile        Hex/Tloc       30%        N/A       11%         3
 Summon Guardian Golem    Hex/Summ       15%        N/A       11%         3
 Sting                    Tmut/Pois      40%        1d5       12%         1
 Lee's Rapid Deconstruct  Erth           12%        3d9*      12%         5
 Stone Arrow              Conj/Erth      26%        3d8       16%         3
 Summon Cactus Giant      Summ           14%        N/A       24%         6
 Dispersal                Tloc           14%        N/A       26%         6
 Mephitic Cloud           Conj/Pois/Air  10%        N/A       28%         3
 Iskenderun's Mystic Bla  Conj/Tloc      15%        2d5       32%         4
 Blade Hands              Tmut           9%         N/A       38%         5
 Leda's Liquefaction      Hex/Erth       6%         N/A       41%         4
 Ignite Poison            Fire/Tmut/Pois 7%         N/A       45%         3
 Freeze                   Ice            8%         1d3       47%         1
 Magic Dart               Conj           8%         1d3       47%         1
 Ensorcelled Hibernation  Hex/Ice        4%         N/A       61%         2
 Scorch                   Fire           4%         2d5       61%         2
 Searing Ray              Conj           4%         2d4       61%         2
 Slow                     Hex            2%         N/A       61%         2
 Sublimation of Blood     Necr           1%         N/A       61%         2
 Ice Form                 Ice/Tmut       10%        N/A       65%         4
 Lightning Bolt           Conj/Air       7%         1d19      65%         5
 Silence                  Hex/Air        7%         N/A       65%         5
 Borgnjor's Vile Clutch   Necr/Erth      6%         N/A       73%         5
 Malign Gateway           Summ/Tloc      14%        N/A       75%         7
 Summon Hydra             Summ           14%        N/A       75%         7
 Confusing Touch          Hex            2%         N/A       82%         3
 Conjure Flame            Conj/Fire      2%         6-21      82%         3
 Frozen Ramparts          Ice            4%         1d2       82%         3
 Inner Flame              Hex/Fire       2%         N/A       82%         3
 Ozocubu's Armour         Ice            2%         N/A       82%         3
 Tukima's Dance           Hex            2%         N/A       82%         3
 Vampiric Draining        Necr           1%         2d6       82%         3
 Freezing Cloud           Conj/Ice/Air   5%         6-21      90%         5
 Alistair's Intoxication  Tmut/Pois      6%         N/A       92%         5
 Irradiate                Conj/Tmut      5%         3d15      92%         5
 Yara's Violent Unravell  Hex/Tmut       5%         3d4       92%         5
 Storm Form               Tmut/Air       11%        N/A       98%         7
 Animate Dead             Necr           1%         N/A       99%         4
 Cause Fear               Hex            1%         N/A       99%         4
 Dispel Undead            Necr           2%         3d7       99%         4
 Flame Wave               Conj/Fire      2%         3d3       99%         4
 Fulminant Prism          Conj/Hex       1%         3d6       99%         4
 Hailstorm                Conj/Ice       2%         3d3       99%         4
 Olgreb's Toxic Radiance  Pois           2%         N/A       99%         4
 Sticky Flame             Conj/Fire      2%         2d3       99%         4
 Conjure Ball Lightning   Conj/Air       7%         3x3d6     99%         6
 Iron Shot                Conj/Erth      6%         9d2       99%         6
 Agony                    Necr           2%         N/A       100%        5
 Excruciating Wounds      Necr           1%         N/A       100%        5
 Fireball                 Conj/Fire      1%         3d3       100%        5
 Iskenderun's Battlesphe  Conj           2%         2d6       100%        5
 Metabolic Englaciation   Hex/Ice        1%         N/A       100%        5
 Death Channel            Necr           1%         N/A       100%        6
 Eringya's Noxious Bog    Tmut/Pois      5%         N/A       100%        6
 Invisibility             Hex            1%         N/A       100%        6
 Simulacrum               Ice/Necr       1%         N/A       100%        6
 Starburst                Conj/Fire      1%         6d3       100%        6
 Dragon Form              Tmut           9%         N/A       100%        7
 Haunt                    Necr/Summ      7%         N/A       100%        7
 Orb of Destruction       Conj           1%         N/A       100%        7
 Spellforged Servitor     Conj/Summ      7%         N/A       100%        7
 Borgnjor's Revivificati  Necr           1%         N/A       100%        8
 Discord                  Hex            1%         N/A       100%        8
 Infestation              Necr           1%         N/A       100%        8
 Lehudib's Crystal Spear  Conj/Erth      6%         10d3      100%        8
 Maxwell's Capacitive Co  Air            13%        ∞         100%        8
 Summon Horrible Things   Summ           14%        N/A       100%        8
 Chain Lightning          Conj/Air       7%         3d9       100%        9
 Dragon's Call            Summ           14%        N/A       100%        9
 Fire Storm               Conj/Fire      1%         7d1       100%        9
 Polar Vortex             Ice            1%         N/A       100%        9
 Shatter                  Erth           12%        3d13*     100%        9


Dungeon Overview and Level Annotations

Branches:
Dungeon (15/15)            Temple (1/1) D:7            Lair (6/6) D:11
  Swamp (4/4) Lair:2       Spider (4/4) Lair:2        Slime (5/5) Lair:6
    Orc (2/2) D:9             Elf (3/3) Orc:2        Vaults (5/5) D:14
  Crypt (3/3) Vaults:3     Depths (5/5) D:15           Hell (visited)
    Dis (0/7) Hell            Geh (1/7) Hell            Coc (0/7) Hell
    Tar (2/7) Hell            Zot (5/5) Depths:5    Ossuary (visited)
 Bailey (visited)
   Tomb: Crypt:3

Altars:
Ashenzari
Cheibriados
Dithmenos
Elyvilon
Fedhas
Gozag
Hepliaklqana
Kikubaaqudgha
Makhleb
Nemelex Xobeh
Okawaru
Vehumet
Xom
Yredelemnul
Zin
The Shining One
Beogh
Jiyva

Shops:
D:2 [[(!   D:8 [   D:9 [   D:13 *   Orc:2 [(!(   Elf:1 [*   Vaults:4 *
Vaults:5 !   Depths:3 *

Portals:
Hell: Depths:1 Depths:2 Depths:3 Depths:4 Depths:5
Abyss: Depths:4
Pandemonium: Depths:3 Depths:5

Annotations:
D:4 3 runed translucent doors, Zenkrye's ghost, amateur PaAK
D:10 exclusion: downstairs
Lair:6 3 runed translucent doors, hatdisgam's ghost, journeyman FoFi
Spider:4 2 transporters, Ythron's ghost, adept DDFi


Innate Abilities, Weirdness & Mutations

You have a pair of small antennae on your head.
Your skin changes colour to match your surroundings (Stealth+).
Your body often deteriorates upon taking damage.
You are very dopey. (Int -4)
You are extremely frail. (-30% HP)
You passively map a small area around you.
You are weak. (Str -2)
Your spells are a little harder to cast, but a little more powerful.
You have hidden genetic potential.
Potions are less effective at restoring your health.
Your movements are slightly less encumbered by armour. (ER -2)


Message History

The daeva is almost dead.
The daeva calls down the wrath of the Shining One upon you.
The Shining One smites you!
* * * LOW HITPOINT WARNING * * *
Fire: 101 sling bullets
Press: ? - help, Q - select action, (/) - cycle Shift-Dir - straight line, f/p - daeva
Aim: a daeva, wielding a +5 scimitar of holy wrath and wearing a +0 tower shield (almost dead, haloed, 84% to hit)
You shoot a sling bullet. The sling bullet hits the daeva.
The sling bullet freezes the daeva.
The daeva is almost dead.
Fire: 100 sling bullets
Press: ? - help, Q - select action, (/) - cycle Shift-Dir - straight line, f/p - daeva
Aim: a daeva, wielding a +5 scimitar of holy wrath and wearing a +0 tower shield (almost dead, haloed, 84% to hit)
You shoot a sling bullet. The daeva blocks the sling bullet.
The daeva calls down the wrath of the Shining One upon you.
The Shining One smites you!
* * * LOW HITPOINT WARNING * * *
As you read the scroll of magic mapping, it crumbles to dust.
You feel aware of your surroundings.
You sensed 2 altars, and 4 shops/portals.
The daeva calls down the wrath of the Shining One upon you.
The Shining One smites you!
* * * LOW HITPOINT WARNING * * *
Unknown command.
As you read the scroll of teleportation, it crumbles to dust.
You feel strangely unstable. You block the daeva's attack.
The daeva hits you but does no damage.
The +5 fustibalus of the Freezing Augurer {freeze, rPois Will+} stops glowing.
Your +6 broad axe of freezing glows with a cold blue light!
a - a +6 broad axe of freezing (weapon)
You hit the daeva. You freeze the daeva.
The daeva is almost dead.
The daeva calls down the wrath of the Shining One upon you.
The Shining One smites you!
* * * LOW HITPOINT WARNING * * *
Your system partially rejects the healing.
You feel better.
The daeva calls down the wrath of the Shining One upon you.
The Shining One smites you!
You die...

##YAA.###....≈≈≈#
##{##)A###...≈≈≈≈#
#)###...###..≈≈≈##
##A##...##../≈≈≈≈≈
##§...###..≈≈≈≈≈≈
#Y).###..≈≈≈≈≈≈≈
#.)......≈≈≈≈≈≈.
###..)....≈≈≈≈≈≈Y.
#@#..)...≈≈≈≈≈≈≈..
##A(G..≈≈≈≈≈≈≈≈≈..
#A...≈≈≈≈≈≈≈≈≈...
#...≈≈≈≈≈≈≈≈≈....
#..≈≈≈≈≈≈≈≈≈.....
#.≈≈≈≈≈≈≈≈≈.)....
##≈≈≈≈≈≈≈≈.)..##..
#≈≈≈≈≈≈≈.....##*#.
#≈≈≈≈≈≈.)...####..


You could see a daeva, an angel and an ophan.

Vanquished Creatures
  Cerebov (Pan)
  Gloorx Vloq (Pan)
  the Royal Jelly (Slime:5)
  2 pandemonium lords (Pan)
  Lom Lobon (Pan)
  8 dread liches
  An ancient lich (Vaults:5)
  4 orbs of fire
  Mara (Depths:4)
  2 juggernauts (Depths:2)
  3 Killer Klowns
  Geryon (Hell)
  3 caustic shrikes
  5 curse toes
  11 golden dragons
  2 bone dragons
  A pearl dragon (Pan)
  10 Brimstone Fiends (Pan)
  A shard shrike zombie (Crypt:2)
  2 electric golems (Zot:2)
  4 Ice Fiends (Pan)
  A hellephant (Abyss:1)
  7 Hell Sentinels (Pan)
  Asterion (Spider:3)
  7 liches
  20 tentacled monstrosities
  Jorgrun (Elf:2)
  A deep elf master archer (Elf:3)
  The ghost of Gemof the Thaumaturge, an adept DjWz of Ru (Vaults:4)
  13 quicksilver dragons
  8 Orb Guardians (Zot:5)
  7 titans
  4 ancient champions
  18 acid blobs
  10 tentacled starspawn
  24 Executioners
  6 death cobs
  18 storm dragons
  9 tengu reavers
  A thorn hunter (Swamp:1)
  4 warmongers (Pan)
  Donald (Elf:3)
  7 shadow dragons
  2 draconian monks
  7 rockslimes
  8 azure jellies
  6 daevas (Pan)
  A nagaraja (Vaults:4)
  An iron dragon (Depths:5)
  8 ghost moths
  4 draconian scorchers
  19 fire giants
  12 frost giants
  5 emperor scorpions
  28 balrugs
  A caustic shrike zombie (Abyss:3)
  18 cacodemons
  4 deep elf sorcerers
  4 draconian stormcallers
  Aizul (Swamp:3)
  4 draconian knights
  A juggernaut zombie (Crypt:1)
  12 angels (Pan)
  2 curse skulls (Pan)
  4 spriggan defenders
  14 vault wardens
  12 draconian shifters
  9 ghouls
  6 quicksilver oozes
  4 ophanim (Pan)
  6 draconian annihilators
  A juggernaut skeleton (Crypt:3)
  17 stone giants
  5 reapers
  39 very ugly things
  7 ironbound preservers
  5 war gargoyles
  13 green draconians
  7 corrupters (Pan)
  5 vampire knights
  2 blood saints (Pan)
  5 dire elephants
  20 apis (Pan)
  A putrid mouth (Tar:1)
  2 entropy weavers
  8 purple draconians
  13 black draconians
  5 red draconians
  2 black suns (Pan)
  10 deep elf annihilators
  3 lorocyprocas
  A dire elephant (shapeshifter) (Vaults:4)
  8 deep elf demonologists
  2 bunyips (Swamp:3)
  3 spark wasps
  12 white draconians
  4 yellow draconians
  A crystal guardian (Vaults:3)
  3 eidola
  10 green deaths (Pan)
  13 blizzard demons
  21 fire dragons
  19 ettins
  4 jiangshi
  A merfolk impaler (Depths:4)
  2 shambling mangroves
  6 eleionomae
  6 deep elf death magi
  Josephine (D:14)
  A spectral fenstrider witch (Tar:2)
  6 ironbound thunderhulks
  14 yaktaur captains
  9 deep elf high priests
  15 rakshasas
  9 great orbs of eyes
  3 fenstrider witch zombies
  A hell beast (Pan)
  13 ice dragons
  3 ghost crabs
  4 boulder beetles
  4 catoblepae
  3 ogre magi
  4 monstrous demonspawn (Pan)
  9 spriggan air magi
  16 hydras
  36 vault guards
  3 peacekeepers
  5 ironbound frosthearts
  2 death knights
  An anaconda (shapeshifter) (Vaults:4)
  16 two-headed ogres
  22 dancing weapons
  16 centaur warriors
  5 alligators
  6 death yaks
  6 hell hogs
  2 deep troll shamans (Depths:1)
  15 thrashing horrors
  13 tengu warriors
  7 deep troll earth magi
  4 vampire magi
  An orc high priest (Depths:3)
  A naga sharpshooter (Zig:2)
  8 ironbound beastmasters
  7 spriggan berserkers
  A titan zombie (Crypt:2)
  A spectral spriggan (Tar:1)
  7 wretched stars
  A storm dragon zombie (Depths:4)
  9 spriggans
  9 shadow wraiths
  4 iron trolls (Depths:1)
  27 deep elf knights
  31 hell knights
  36 soul eaters
  73 sun demons
  18 sixfirhies
  A golden dragon zombie (Crypt:1)
  8 cherubim (Pan)
  32 skeletal warriors
  2 bunyip zombies
  3 anaconda zombies (Hell)
  2 goliath frogs (Swamp:2)
  2 titan skeletons
  4 spatial maelstroms
  3 spriggan druids
  2 gelid demonspawn (Pan)
  33 deep trolls
  5 flayed ghosts
  6 bog bodies
  A sea snake (shapeshifter) (D:15)
  An obsidian statue (Vaults:4)
  4 glowing orange brains
  9 shadow demons (Pan)
  10 deep elf archers
  5 torturous demonspawn
  12 wizards
  3 infernal demonspawn (Pan)
  10 phantasmal warriors
  5 harpies (Vaults:5)
  8 lindwurms
  2 swamp dragons
  A deep troll (shapeshifter) (Vaults:5)
  An anaconda skeleton (Crypt:1)
  12 ironbound convokers
  A spectral iron dragon (Tar:1)
  A golden dragon skeleton (Depths:4)
  53 ugly things
  A shadow dragon zombie (Vaults:2)
  30 deep elf zephyrmancers
  20 orb spiders
  2 orc knights (Orc:2)
  28 deep elf pyromancers
  18 necromancers
  6 manticores
  An orc sorcerer (Elf:1)
  A sphinx zombie (Crypt:2)
  9 cyclopes
  A faun (shapeshifter) (Vaults:4)
  A will-o-the-wisp (Swamp:1)
  23 wolf spiders
  32 moths of wrath
  2 shining eyes
  A salamander (Zig:2)
  52 large abominations
  A manticore (shapeshifter) (Vaults:5)
  A spectral centaur (Tar:1)
  3 worldbinders
  6 black mambas
  A spriggan zombie (Crypt:3)
  18 elephants
  4 rust devils
  A stone giant skeleton (Vaults:2)
  20 vault sentinels
  2 guardian serpents
  A spectral alligator snapping turtle (Tar:2)
  A naga zombie (Crypt:3)
  3 molten gargoyles (Hell)
  2 apocalypse crabs (Abyss:3)
  40 smoke demons
  4 eyes of devastation
  27 orange demons
  6 torpor snails
  A fire giant skeleton (Vaults:2)
  A titan simulacrum (Crypt:1)
  A dire elephant skeleton (Pan)
  A red draconian zombie (Crypt:2)
  A torpor snail (shapeshifter) (Vaults:5)
  A black draconian zombie (Crypt:2)
  2 gargoyles (D:11)
  2 spriggan skeletons
  2 emperor scorpion zombies (Crypt:1)
  5 hellions
  A yaktaur zombie (Vaults:1)
  A cane toad (shapeshifter) (Depths:2)
  3 rime drakes (Lair:4)
  16 cane toads
  6 kobold demonologists
  2 naga skeletons
  12 komodo dragons
  A sea snake zombie (Hell)
  7 tormentors
  5 freezing wraiths
  2 unseen horrors
  A redback zombie (D:13)
  25 yaktaurs
  25 hellwings
  29 demonic crawlers
  A guardian mummy (Depths:5)
  A minotaur skeleton (Crypt:2)
  11 red devils
  11 efreet
  3 ice devils (Pan)
  7 ancient zymes
  3 tengu conjurers
  2 hydra zombies
  A spectral naga (Tar:1)
  10 tyrant leeches
  9 meliai
  19 hornets
  2 harpy zombies
  34 jumping spiders
  A jumping spider (shapeshifter) (Depths:5)
  2 queen bees
  11 trolls
  36 blink frogs
  A wind drake (shapeshifter) (Vaults:4)
  A polar bear (Lair:6)
  A dream sheep (shapeshifter) (Elf:1)
  A harpy skeleton (Pan)
  A meliai zombie (D:11)
  7 raiju
  75 slime creatures
  An elf zombie (Depths:4)
  A snapping turtle (shapeshifter) (Depths:5)
  16 dream sheep (Lair:6)
  A spectral black mamba (Tar:2)
  An ettin zombie (Crypt:3)
  71 redbacks
  9 small abominations
  A black mamba zombie (Crypt:3)
  A deep troll zombie (Vaults:1)
  28 tarantellas
  Sigmund (D:5)
  35 flying skulls
  6 wyverns
  An ettin skeleton (Pan)
  2 centaur simulacra
  3 shadows
  31 ynoxinuls
  4 fire elementals
  13 wraiths
  5 air elementals
  7 water elementals
  2 fire bats (Abyss:3)
  34 yaks
  3 steam dragons
  7 basilisks
  4 golden eyes
  4 swamp worm simulacra (Swamp:4)
  A yaktaur simulacrum (Vaults:2)
  21 chaos spawn
  23 neqoxecs
  15 vampire mosquitoes
  A swamp worm (shapeshifter) (Depths:2)
  A harpy simulacrum (Crypt:2)
  12 swamp worms
  9 hydra simulacra (Swamp:4)
  4 acid dragons
  A naga (Zig:2)
  6 wargs
  7 spatial vortices
  A hell hound (Abyss:3)
  10 water moccasins
  2 swamp drakes (Lair:6)
  7 orc warriors
  2 ice beasts
  An alligator simulacrum (Hell)
  3 black bears
  An ogre (shapeshifter) (Abyss:3)
  22 ogres
  A boggart (D:14)
  A centaur (shapeshifter) (Vaults:4)
  3 necrophages
  2 human zombies
  A dream sheep zombie (Crypt:2)
  A phantom (D:6)
  A torpor snail zombie (Crypt:1)
  7 centaurs
  8 wolves
  12 kobold brigands
  10 bullfrogs
  2 wyvern zombies
  2 human skeletons
  3 scorpions
  A wyvern skeleton (D:6)
  A glowing shapeshifter simulacrum (Vaults:1)
  7 earth elementals
  49 killer bees
  A howler monkey (D:6)
  4 wights
  9 electric eels
  9 crimson imps
  9 centaur zombies
  A lava snake (Lair:1)
  44 starcursed masses
  4 quasits
  A hound (D:4)
  2 jellies
  3 centaur skeletons
  9 orc priests
  3 iron imps
  Crazy Yiuf (D:6)
  2 gnoll shamans
  Jessica (D:3)
  2 bullfrog skeletons (D:5)
  5 iguanas
  11 orc wizards
  4 hell rats
  A tengu skeleton (Crypt:1)
  10 mummies
  24 gnolls
  2 howler monkey zombies (D:11)
  A swamp drake zombie (Crypt:1)
  7 adders
  5 white imps
  2 swamp drake simulacra (Swamp:4)
  3 ufetubi
  2 worms (D:2)
  A barachi zombie (Crypt:2)
  A dart slug (D:1)
  53 orcs
  8 ball pythons
  3 endoplasms
  3 giant cockroaches
  3 gnoll zombies (Ossuary)
  6 goblins
  15 hobgoblins
  6 jackals (D:3)
  37 kobolds
  2 quokkas
  9 bats
  A dart slug zombie (Crypt:1)
  2 frilled lizards
  A goblin zombie (Crypt:2)
  A hobgoblin zombie (Ossuary)
  A kobold zombie (Ossuary)
  3 orc zombies (Ossuary)
  10 rats
  A rat skeleton (Crypt:1)
  2 ball lightnings (Pan)
  13 briar patches
  3 fire vortices
  10 starspawn tentacles
3177 creatures vanquished.

Vanquished Creatures (collateral kills)
  Mnoleg (Pan)
  A dread lich (Vaults:5)
  An ancient lich (Vaults:5)
  2 juggernauts
  Bai Suzhen (Vaults:5)
  3 caustic shrikes
  3 golden dragons
  A profane servitor (Tar:2)
  2 bone dragons
  Arachne (Spider:3)
  3 pandemonium lords (Pan)
  A Tzitzimitl (Pan)
  3 Brimstone Fiends (Pan)
  An Ice Fiend (Pan)
  3 tentacled monstrosities
  Mlioglotl (Swamp:4)
  3 liches
  A deep elf blademaster (Elf:2)
  A deep elf master archer (Elf:3)
  4 quicksilver dragons
  2 sphinxes
  2 Executioners (Pan)
  Frances (Spider:2)
  An acid blob (Slime:5)
  2 tentacled starspawn
  A storm dragon (Depths:5)
  2 thorn hunters
  2 tengu reavers (Depths:2)
  3 draconian monks
  A revenant (Hell)
  5 daevas (Pan)
  An azure jelly (Swamp:4)
  An iron dragon (Elf:1)
  3 fire giants
  A fenstrider witch (Swamp:3)
  A vault warden (Vaults:1)
  2 deep elf sorcerers
  7 frost giants
  2 draconian scorchers
  5 cacodemons (Pan)
  3 draconian shifters
  7 very ugly things
  4 balrugs
  4 draconian annihilators
  4 angels (Pan)
  A quicksilver ooze (Slime:3)
  3 stone giants
  A spriggan defender (Depths:2)
  5 ironbound preservers
  A war gargoyle (Hell)
  2 reapers (Pan)
  4 blood saints (Pan)
  An ophan (Pan)
  A vampire knight (Depths:2)
  2 corrupters (Pan)
  4 red draconians
  3 deep elf demonologists
  5 deep elf annihilators
  A bunyip (Swamp:2)
  A dire elephant (Lair:6)
  4 apis (Pan)
  A black sun (Pan)
  A green draconian (Zot:1)
  A black draconian (Zot:2)
  A yellow draconian (Zot:2)
  4 purple draconians
  A spark wasp (Depths:3)
  2 fire dragons
  2 ettins
  7 green deaths (Pan)
  4 deep elf death magi (Elf:3)
  5 blizzard demons
  2 crystal guardians (Crypt:3)
  4 deep elf high priests
  A shambling mangrove (Swamp:2)
  A yaktaur captain (Vaults:4)
  A hell beast (Hell)
  10 ice dragons
  5 vault guards
  A monstrous demonspawn (Pan)
  5 hydras
  A rakshasa (Pan)
  A boulder beetle (D:14)
  A centaur warrior (D:14)
  3 ironbound frosthearts
  A spriggan air mage (Depths:2)
  A stoker (Geh:1)
  2 alligators (Swamp:3)
  2 two-headed ogres (Orc:2)
  12 dancing weapons
  3 death yaks (Lair:6)
  A deep troll shaman (Depths:1)
  A hell hog (Geh:1)
  5 deep troll earth magi
  A spriggan berserker (Depths:3)
  4 soul eaters (Pan)
  An ironbound beastmaster (Vaults:1)
  A wretched star (Abyss:4)
  7 hell knights
  7 sun demons
  A deep elf knight (Elf:2)
  A salamander mystic (Depths:5)
  6 skeletal warriors (Crypt:3)
  A shadow wraith (Pan)
  4 sixfirhies
  17 deep trolls
  A kraken simulacrum (Hell)
  A cherub (Pan)
  4 iron trolls
  3 glowing orange brains (Pan)
  2 torturous demonspawn (Pan)
  5 wizards
  A spriggan druid (Swamp:3)
  A swamp dragon (Swamp:3)
  A shadow demon (Pan)
  A phantasmal warrior (Vaults:4)
  A deep elf archer (Elf:1)
  3 ironbound convokers
  4 deep elf zephyrmancers
  4 necromancers
  19 ugly things
  3 deep elf pyromancers
  2 wolf spiders
  6 large abominations (Pan)
  8 shining eyes
  A spectral ettin (Tar:2)
  A moth of wrath (Zot:2)
  A manticore (Lair:6)
  3 salamanders (Depths:5)
  2 ice statues (Hell)
  An elephant (Lair:6)
  A molten gargoyle (Hell)
  9 orange demons (Pan)
  A black mamba (Lair:6)
  11 smoke demons
  3 eyes of devastation
  4 vault sentinels
  A hellion (Pan)
  2 freezing wraiths
  A tengu conjurer (Depths:5)
  10 demonic crawlers
  An efreet (Zig:4)
  A hydra zombie (Hell)
  A queen bee (Abyss:4)
  2 red devils (Pan)
  A yaktaur (shapeshifter) (D:14)
  6 hellwings (Pan)
  3 jumping spiders
  3 tormentors
  3 trolls
  3 hornets
  4 tyrant leeches
  9 slime creatures
  A dream sheep (Lair:6)
  A wraith (D:14)
  A centaur simulacrum (D:14)
  3 water elementals
  An alligator zombie (Hell)
  10 redbacks
  4 ynoxinuls (Pan)
  4 spriggans
  A wyvern (shapeshifter) (Depths:2)
  A golden eye (Pan)
  2 swamp worm simulacra (Swamp:4)
  11 neqoxecs (Pan)
  6 chaos spawn (Pan)
  2 vampire mosquitoes (D:14)
  2 swamp worms
  3 hydra simulacra (Swamp:4)
  3 floating eyes (Pan)
  2 water moccasins (Zig:3)
  An ogre (Orc:2)
  2 necrophages (Crypt:3)
  An earth elemental (Zig:5)
  3 starcursed masses (Zig:4)
  3 hell rats (Hell)
  A shadow imp (Pan)
  A briar patch (Swamp:4)
  A lurking horror (Abyss:3)
517 creatures vanquished.

Vanquished Creatures (others)
  Margery (Vaults:5)
  An eldritch tentacle (Pan)
  A frost giant (Depths:3)
  A draconian shifter (Zot:1)
  A red draconian (Zot:1)
  An eleionoma (Swamp:4)
  A rakshasa (Pan)
  A hell hog (Geh:1)
  A soul eater (Pan)
  A sixfirhy (Pan)
  A deep troll (Vaults:4)
  A deep elf zephyrmancer (Elf:1)
  2 deep elf pyromancers
  2 ugly things
  A wolf spider (Spider:3)
  A moth of wrath (Zot:1)
  2 smoke demons (Pan)
  4 bloated husks
  A hornet (Swamp:3)
  A black mamba zombie (Crypt:1)
  A neqoxec (Pan)
  A fire bat (Abyss:4)
  A swamp worm (Swamp:1)
  A large abomination (Pan)
  10 ball lightnings (Pan)
  6 briar patches
  A bush (Lair:6)
  4 demonic plants (Pan)
  3 fire vortices (Geh:1)
  30 fungi
  A lurking horror (Abyss:3)
  3 pillars of salt (Abyss:2)
  85 plants
  57 starspawn tentacles
  4 tentacles (Hell)
  5 withered plants (D:13)
239 creatures vanquished.

Grand Total: 3933 creatures vanquished

Notes
Turn   | Place    | Note
-------+----------+-------------------------------------------
     0 | D:1      | dolemite99 the Hill Orc Fighter began the quest for the
                  | Orb.
     0 | D:1      | Reached XP level 1. HP: 19/19 MP: 1/1
   121 | D:1      | Found a faded altar of an unknown god.
   135 | D:1      | Became a worshipper of the Shining One
   135 | D:1      | Reached * piety under the Shining One
   156 | D:1      | Reached XP level 2. HP: 26/26 MP: 2/2
   708 | D:2      | Reached XP level 3. HP: 31/31 MP: 3/3
   925 | D:2      | Reached skill level 5 in Axes
  1394 | D:2      | Found Nunetur's Antique Armour Shoppe.
  1398 | D:2      | Found Lubior's Antique Weapon Shop.
  1436 | D:2      | Reached XP level 4. HP: 14/39 MP: 4/4
  1981 | D:2      | Found Kugyngor's Distillery.
  1990 | D:2      | Bought a potion of curing for 33 gold pieces
  1990 | D:2      | Bought a potion of curing for 33 gold pieces
  2021 | D:2      | Reached XP level 5. HP: 44/45 MP: 5/5
  2391 | D:2      | Found Ywkovauf's Armour Emporium.
  2727 | D:3      | Noticed Jessica
  2733 | D:3      | Killed Jessica
  2834 | D:3      | Reached ** piety under the Shining One
  3093 | D:4      | Found a sparkling altar of Nemelex Xobeh.
  3094 | D:4      | Found an opulent altar of Gozag.
  3095 | D:4      | Found a shadowy altar of Dithmenos.
  3631 | D:4      | Noticed an ogre
  3636 | D:4      | Killed an ogre
  3637 | D:4      | Reached XP level 6. HP: 11/51 MP: 6/6
  3696 | D:4      | HP: 2/51 [hound (3)]
  4228 | D:4      | Found a runed translucent gate.
  4237 | D:4      | Found a runed translucent gate.
  4238 | D:4      | Found a runed translucent gate.
  4238 | D:4      | Identified the +3 scale mail "Daxkitur" {Str+5}
  4238 | D:4      | Noticed Zenkrye's ghost (amateur PaAK)
  4239 | D:4      | Found a roughly hewn altar of Beogh.
  4627 | D:5      | Entered Level 5 of the Dungeon
  4798 | D:5      | Noticed Sigmund
  4806 | D:5      | Killed Sigmund
  4807 | D:5      | Reached skill level 10 in Axes
  4807 | D:5      | Reached XP level 7. HP: 48/57 MP: 7/7
  6192 | D:6      | Reached XP level 8. HP: 49/64 MP: 8/8
  6295 | D:6      | Identified the +5 ring mail "Adghyt" {Harm *Slow rElec}
  6457 | D:6      | Found a sand-covered staircase.
  6468 | Ossuary  | Entered an ossuary
  6486 | Ossuary  | Reached *** piety under the Shining One
  6513 | Ossuary  | Reached skill level 1 in Invocations
  6800 | D:6      | Identified the +4 scale mail of Untold Secrets {MP+9}
  6945 | D:6      | Reached XP level 9. HP: 56/70 MP: 12/12
  7134 | D:6      | Found a runed translucent door.
  7135 | D:6      | Noticed Crazy Yiuf
  7143 | D:6      | Killed Crazy Yiuf
  7706 | D:7      | Reached skill level 4 in Fighting
  7803 | D:7      | Found a staircase to the Ecumenical Temple.
  8280 | D:7      | Noticed a komodo dragon
  8291 | D:7      | Killed a komodo dragon
  8292 | D:7      | Reached skill level 5 in Fighting
  8583 | D:7      | Reached skill level 5 in Armour
  8911 | D:2      | Bought a potion of heal wounds for 55 gold pieces
  8911 | D:2      | Bought a potion of haste for 110 gold pieces
  8911 | D:2      | Bought a potion of cancellation for 88 gold pieces
  8911 | D:2      | Bought a potion of flight for 33 gold pieces
  9233 | D:8      | Reached **** piety under the Shining One
  9234 | D:8      | Reached skill level 6 in Fighting
  9416 | D:8      | Noticed a two-headed ogre
  9429 | D:8      | Found a flagged portal.
  9440 | D:8      | Killed a two-headed ogre
  9441 | D:8      | Reached skill level 7 in Fighting
  9443 | Bailey   | Entered a bailey
 10496 | D:8      | Found Plog's Armour Boutique.
 10553 | D:8      | Reached XP level 10. HP: 88/88 MP: 13/13
 10769 | D:8      | Reached skill level 1 in Throwing
 11176 | D:9      | Found Buepn's Antique Armour Emporium.
 11230 | D:9      | Found a hazy altar of Hepliaklqana.
 11608 | D:9      | Found a staircase to the Orcish Mines.
 11768 | D:9      | Paralysed by a hornet for 2 turns
 12128 | D:9      | Reached skill level 5 in Throwing
 12202 | D:9      | Found a roughly hewn altar of Beogh.
 12756 | D:10     | Entered Level 10 of the Dungeon
 12756 | D:10     | Noticed a cyclops
 12771 | D:10     | Killed a cyclops
 12886 | D:10     | Paralysed by a hornet for 1 turns
 13205 | D:10     | Noticed a two-headed ogre
 13212 | D:10     | Killed a two-headed ogre
 13773 | D:10     | Reached XP level 11. HP: 44/93 MP: 14/14
 14095 | D:10     | Reached skill level 8 in Fighting
 14292 | D:10     | Noticed a cyclops
 14304 | D:10     | Killed a cyclops
 14492 | D:10     | Noticed a two-headed ogre
 14504 | D:10     | Killed a two-headed ogre
 14911 | D:2      | Bought a shiny kite shield for 172 gold pieces
 15094 | D:11     | Noticed a white ugly thing
 15094 | D:11     | Noticed a cyclops
 15094 | D:11     | Noticed a two-headed ogre
 15246 | D:11     | Reached skill level 1 in Maces & Flails
 15258 | D:11     | Killed a cyclops
 15314 | D:11     | Killed a white ugly thing
 15607 | D:11     | Reached skill level 5 in Shields
 15622 | D:11     | Noticed a two-headed ogre
 15638 | D:11     | Killed a two-headed ogre
 16109 | D:11     | Noticed a two-headed ogre
 16131 | D:11     | Killed a two-headed ogre
 16135 | D:11     | Killed a two-headed ogre
 16178 | D:11     | Noticed a two-headed ogre
 16203 | D:11     | Killed a two-headed ogre
 16204 | D:11     | Reached skill level 5 in Maces & Flails
 16315 | D:11     | Noticed a manticore
 16324 | D:11     | Killed a manticore
 16325 | D:11     | Reached XP level 12. HP: 59/103 MP: 15/15
 16546 | D:11     | Found a staircase to the Lair.
 16903 | D:11     | Found an iron altar of Okawaru.
 17122 | D:11     | Reached ***** piety under the Shining One
 18029 | Lair:1   | Entered Level 1 of the Lair of Beasts
 18332 | Lair:1   | Noticed a five-headed hydra
 18338 | Lair:1   | Killed a five-headed hydra
 19484 | Lair:2   | Noticed a seven-headed hydra
 19492 | Lair:2   | Killed a seven-headed hydra
 19557 | Lair:2   | Found a hole to the Spider Nest.
 19762 | Lair:2   | Reached skill level 9 in Fighting
 19853 | Lair:2   | Reached XP level 13. HP: 111/111 MP: 16/16
 19919 | Lair:2   | Reached skill level 10 in Fighting
 20072 | Lair:2   | Found a staircase to the Swamp.
 20446 | Lair:2   | Reached skill level 11 in Fighting
 21073 | Lair:3   | Reached skill level 10 in Armour
 21078 | Lair:3   | Reached skill level 10 in Maces & Flails
 23283 | Lair:4   | Reached skill level 5 in Invocations
 23474 | Lair:4   | Reached XP level 14. HP: 113/124 MP: 18/18
 24000 | Lair:4   | Identified the +2 cloak of Uskayaw's Hope {rF+ rN+ Int-5}
 24730 | Lair:5   | Reached skill level 10 in Invocations
 25127 | Lair:6   | Entered Level 6 of the Lair of Beasts
 25717 | Lair:6   | Found a staircase to the Slime Pits.
 25718 | Lair:6   | Found a viscous altar of Jiyva.
 25973 | Lair:6   | Found a runed translucent gate.
 25973 | Lair:6   | Found a runed translucent gate.
 25973 | Lair:6   | Found a runed translucent gate.
 25974 | Lair:6   | Noticed hatdisgam's ghost (journeyman FoFi)
 25974 | Lair:6   | Noticed a quicksilver ooze
 25976 | Lair:6   | Found a viscous altar of Jiyva.
 25976 | Lair:6   | Noticed a quicksilver ooze
 26255 | Lair:5   | Reached XP level 15. HP: 65/129 MP: 24/24
 27137 | Lair:6   | Reached skill level 10 in Throwing
 28173 | Lair:6   | Identified the ring of Fowniot {Fly SInv}
 28708 | D:2      | Bought a shiny chain mail for 172 gold pieces
 28723 | D:2      | Bought a glowing cloak for 172 gold pieces
 28873 | D:9      | Bought a runed buckler for 292 gold pieces
 29228 | D:12     | You fall into a shaft and drop 1 floor!
 29561 | Orc:1    | Entered Level 1 of the Orcish Mines
 30043 | Orc:2    | Entered Level 2 of the Orcish Mines
 30043 | Orc:2    | Found Jiutsaemol's Antique Armour Shoppe.
 30375 | D:13     | Noticed a ghoul
 30399 | D:13     | Killed a ghoul
 30648 | D:13     | You fall into a shaft and drop 1 floor!
 30712 | D:14     | Reached XP level 16. HP: 139/139 MP: 26/26
 30883 | D:14     | Found a gate to the Vaults.
 30902 | D:14     | Reached skill level 12 in Fighting
 31026 | D:14     | Noticed Josephine
 31031 | D:14     | Killed Josephine
 31224 | D:14     | Reached skill level 15 in Axes
 31287 | D:14     | Found a broken altar of Ashenzari.
 32550 | D:13     | Found Wita's Assorted Antiques.
 32558 | D:13     | Bought a potion of heal wounds for 195 gold pieces
 32558 | D:13     | Bought a scroll of teleportation for 117 gold pieces
 32558 | D:13     | Bought a ruby potion for 35 gold pieces
 32558 | D:13     | Bought a wand of acid (11) for 312 gold pieces
 32775 | D:15     | Entered Level 15 of the Dungeon
 33666 | D:15     | Found a blossoming altar of Fedhas.
 33755 | D:15     | Found a staircase to the Depths.
 33866 | D:15     | Reached XP level 17. HP: 126/146 MP: 27/27
 34013 | D:15     | Reached skill level 1 in Evocations
 34507 | Orc:2    | Found Cetz's Weapon Emporium.
 34518 | Orc:2    | Found Jucatt's Distillery.
 34519 | Orc:2    | Found Buapael's Weapon Boutique.
 34521 | Orc:2    | Bought a runed helmet for 225 gold pieces
 34531 | Orc:2    | Bought a potion of cancellation for 112 gold pieces
 34531 | Orc:2    | Bought a potion of curing for 42 gold pieces
 34531 | Orc:2    | Bought a potion of curing for 42 gold pieces
 34726 | Orc:2    | Found a roughly hewn altar of Beogh.
 34744 | Orc:2    | Found a staircase to the Elven Halls.
 35146 | D:8      | Bought a +2 pair of boots of flying for 236 gold pieces
 35322 | Swamp:1  | Entered Level 1 of the Swamp
 35361 | Spider:1 | Entered Level 1 of the Spider Nest
 35507 | Spider:1 | Reached skill level 5 in Evocations
 36965 | Spider:2 | Noticed Frances
 36973 | Spider:2 | Killed Frances
 37124 | Spider:2 | Reached skill level 10 in Evocations
 38381 | Spider:3 | Noticed Arachne
 38404 | Spider:3 | Killed Arachne
 38409 | Spider:3 | Reached XP level 18. HP: 82/155 MP: 1/29
 38819 | Spider:3 | Noticed Asterion
 38837 | Spider:3 | Killed Asterion
 38838 | Spider:3 | Reached skill level 15 in Invocations
 39312 | Spider:4 | Entered Level 4 of the Spider Nest
 39312 | Spider:4 | Found a frozen archway.
 39877 | Spider:4 | Learned a level 2 spell: Passwall
 39880 | Spider:4 | Learned a level 2 spell: Blink
 40172 | Spider:4 | Found a transporter.
 40173 | Spider:4 | Noticed Ythron's ghost (adept DDFi)
 40192 | Spider:4 | Found a transporter.
 42469 | Spider:4 | Got a gossamer rune of Zot
 43754 | Swamp:2  | Noticed a tentacled monstrosity
 43780 | Swamp:2  | Killed a tentacled monstrosity
 43781 | Swamp:2  | Reached XP level 19. HP: 109/162 MP: 20/30
 44513 | Swamp:3  | Reached skill level 13 in Fighting
 44936 | Swamp:3  | Found a shimmering altar of Xom.
 44959 | Swamp:3  | Noticed Aizul
 44968 | Swamp:3  | Killed Aizul
 44970 | Swamp:3  | Reached skill level 14 in Fighting
 45143 | Swamp:3  | Identified a scroll of acquirement
 45144 | Swamp:3  | Acquired a staff of air
 45452 | Swamp:4  | Entered Level 4 of the Swamp
 45772 | Swamp:4  | Reached skill level 10 in Shields
 46183 | Swamp:4  | Noticed Mlioglotl
 46192 | Swamp:4  | Killed Mlioglotl
 46707 | Vaults:1 | Entered Level 1 of the Vaults
 48577 | Vaults:1 | Reached XP level 20. HP: 164/174 MP: 31/31
 49643 | Vaults:2 | Reached skill level 15 in Shields
 50583 | Vaults:2 | Paralysed by a great orb of eyes for 7 turns
 50720 | Vaults:2 | Reached skill level 15 in Maces & Flails
 51203 | Vaults:2 | Reached skill level 15 in Fighting
 52779 | Vaults:3 | Reached XP level 21. HP: 126/184 MP: 8/32
 53858 | Vaults:3 | You are sucked into a shaft and drop 1 floor!
 54652 | Vaults:4 | Found a runed translucent gate.
 54653 | Vaults:4 | Found a runed translucent gate.
 54653 | Vaults:4 | Found an opulent altar of Gozag.
 54654 | Vaults:4 | Found a runed translucent gate.
 54686 | Vaults:4 | Noticed Gemof's ghost (adept DjWz)
 54754 | Vaults:4 | Reached skill level 16 in Fighting
 54918 | Vaults:4 | Reached skill level 15 in Armour
 54999 | Vaults:4 | Identified the +2 hand axe of Lust {freeze, rElec rCorr
                  | Int+3}
 55473 | Vaults:4 | Identified the +12 crystal plate armour "Comnicw" {*Corrode
                  | rElec rF++}
 55603 | Vaults:3 | You are sucked into a shaft and drop 1 floor!
 55806 | Vaults:4 | Found Dehait Wuaw's Assorted Antiques.
 55814 | Vaults:4 | Bought a wand of paralysis (9) for 82 gold pieces
 55814 | Vaults:4 | Bought a potion of might for 164 gold pieces
 55814 | Vaults:4 | Bought a scroll of teleportation for 123 gold pieces
 55814 | Vaults:4 | Bought a potion of curing for 123 gold pieces
 55814 | Vaults:4 | Bought a wand of paralysis (6) for 82 gold pieces
 55814 | Vaults:4 | Bought a potion of resistance for 410 gold pieces
 56142 | Vaults:3 | Found a staircase to the Crypt.
 56897 | Crypt:1  | Entered Level 1 of the Crypt
 56927 | Crypt:1  | Reached XP level 22. HP: 194/196 MP: 26/34
 56970 | Vaults:3 | Paralysed by a vampire knight for 7 turns
 58285 | Crypt:2  | Found a glowing golden altar of the Shining One.
 58291 | Crypt:2  | Found a burning altar of Makhleb.
 58372 | Crypt:2  | Reached ****** piety under the Shining One
 58620 | Crypt:2  | Identified a +4 broad axe of holy wrath (a +2 broad axe of
                  | freezing blessed by the Shining One)
 58620 | Crypt:2  | Received a gift from the Shining One
 58839 | Crypt:3  | Entered Level 3 of the Crypt
 59317 | Crypt:3  | Reached skill level 17 in Fighting
 59466 | Crypt:3  | Identified the ring of the Louse {Ice rElec Dex+3}
 59815 | Crypt:3  | Reached XP level 23. HP: 206/206 MP: 30/36
 59852 | Crypt:3  | Noticed a dread lich
 59872 | Crypt:3  | Killed a dread lich
 60181 | Crypt:3  | Found a basalt altar of Yredelemnul.
 61182 | Swamp:4  | Got a decaying rune of Zot
 61797 | Elf:1    | Entered Level 1 of the Elven Halls
 62388 | Elf:1    | Found Vorev's Assorted Antiques.
 62396 | Elf:1    | Bought a tin of tremorstones (2/2) for 1200 gold pieces
 62396 | Elf:1    | Bought a scroll of teleportation for 90 gold pieces
 62472 | Elf:1    | Identified the +10 morningstar of Winter {venom, rPois rF+
                  | rC+}
 62478 | Elf:1    | Cast into level 3 of the Abyss (a deep elf demonologist)
 62485 | Abyss:3  | Found a corrupted altar of Lugonu.
 62622 | Abyss:3  | Found a corrupted altar of Lugonu.
 63106 | Abyss:3  | Reached skill level 18 in Fighting
 63319 | Elf:1    | Escaped the Abyss
 63576 | Elf:1    | Cast into level 2 of the Abyss (a deep elf demonologist)
 63576 | Abyss:2  | Found a corrupted altar of Lugonu.
 63581 | Abyss:2  | Found a corrupted altar of Lugonu.
 63642 | Abyss:2  | Found a corrupted altar of Lugonu.
 64236 | Elf:1    | Escaped the Abyss
 64254 | Elf:1    | Found a runed translucent gate.
 64254 | Elf:1    | Found a runed translucent gate.
 64254 | Elf:1    | Found a runed translucent gate.
 64254 | Elf:1    | Found a runed translucent gate.
 64254 | Elf:1    | Found a runed translucent gate.
 64255 | Elf:1    | Found a runed translucent gate.
 64399 | Elf:1    | Found Rucveo's Antique Armour Shop.
 65050 | Elf:2    | Identified the +7 mace of Jiobraop {vorpal, rPois rF+ Str+2
                  | Dex+4}
 65118 | Elf:2    | Found an ancient bone altar of Kikubaaqudgha.
 65248 | Elf:2    | Found a runed translucent gate.
 65250 | Elf:2    | Found a runed translucent gate.
 65254 | Elf:2    | Found a runed translucent gate.
 65328 | Elf:2    | Reached skill level 19 in Fighting
 65883 | Elf:2    | Reached XP level 24. HP: 221/221 MP: 37/37
 65895 | Elf:2    | Noticed Jorgrun
 65904 | Elf:2    | Killed Jorgrun
 66793 | Elf:3    | Entered Level 3 of the Elven Halls
 67285 | Elf:3    | Reached skill level 20 in Fighting
 67629 | Elf:3    | Paralysed by an air elemental for 1 turns
 67632 | Elf:3    | Paralysed by an air elemental for 1 turns
 67901 | Elf:3    | Paralysed by an air elemental for 1 turns
 68059 | Elf:3    | Identified the +5 great sword of Gaihonue {flame, Will+
                  | Dex+3}
 68131 | Elf:3    | Identified the +12 double sword of the Revolution {flame,
                  | Str+4}
 68131 | Elf:3    | Identified the ring of Darkness {rPois rF- Will+++ rCorr
                  | Str-2}
 68170 | Elf:3    | Identified the +3 tower shield "Cajentos" {Will+}
 68194 | Elf:3    | Identified the +5 fustibalus of the Freezing Augurer
                  | {freeze, rPois Will+}
 68194 | Elf:3    | Noticed Donald
 68211 | Elf:3    | Killed Donald
 68212 | Elf:3    | Identified the ring "Mameunli" {Str+6 Int+5}
 68328 | Elf:3    | Acquired a +2 hat of intelligence
 68363 | Elf:3    | Identified the ring of Sely {Fly Will+}
 69192 | Elf:3    | Found the +4 dagger "Morg" {pain, Will+ Int+5}
 69194 | Elf:3    | Got the Almanac of Toxic Orientation
 69208 | Elf:3    | Identified the +1 helmet "Faomas" {Will+}
 69232 | Elf:3    | Got the Disquisition on Enchantment
 69542 | Depths:1 | Entered Level 1 of the Depths
 69548 | Depths:1 | Found a snail-covered altar of Cheibriados.
 70450 | Depths:1 | Reached XP level 25. HP: 234/234 MP: 38/38
 70489 | Depths:1 | Found a gateway to Hell.
 70906 | Depths:2 | Reached skill level 21 in Fighting
 71018 | Depths:2 | Found a runed translucent door.
 71204 | Depths:2 | Found a blossoming altar of Fedhas.
 71671 | Depths:2 | Noticed a juggernaut
 71687 | Depths:2 | Killed a juggernaut
 72019 | Depths:2 | Identified the +4 war axe "Bettuah" {freeze, Fly rC+ Str+4
                  | Dex+4}
 72983 | Depths:2 | Noticed a juggernaut
 72994 | Depths:2 | Killed a juggernaut
 73016 | Depths:2 | Reached skill level 22 in Fighting
 73461 | Depths:2 | Reached XP level 26. HP: 247/247 MP: 38/38
 73610 | Depths:2 | Identified the +7 shortbow of the Final Wishes {venom, rC+
                  | Int+4}
 74448 | Depths:2 | Identified the +8 chain mail of the Arena {Int+2}
 74943 | Depths:3 | Identified the +0 tower shield of Moral Flaws {rPois rN+
                  | Str+7 Stlth+}
 75388 | Depths:3 | Noticed a juggernaut
 75400 | Depths:3 | Killed a juggernaut
 75563 | Depths:3 | Identified the +1 plate armour "Quxoesm" {rC+}
 75648 | Depths:3 | Found Ratweukh's General Store.
 76187 | Depths:3 | Found a gateway to a ziggurat.
 76216 | Depths:3 | Found a one-way gate leading to the halls of Pandemonium.
 77139 | Depths:4 | Noticed Mara
 77141 | Depths:4 | Noticed dolemite99's illusion
 77779 | Depths:4 | Noticed dolemite99's illusion
 77806 | Depths:4 | Killed Mara
 78265 | Depths:4 | Found a one-way gate to the infinite horrors of the Abyss.
 78571 | Depths:4 | Reached XP level 27. HP: 256/256 MP: 39/39
 78627 | Depths:4 | Found a runed translucent door.
 79020 | Depths:4 | Identified the ring of Panateot {Wiz rCorr}
 79023 | Depths:4 | Got the Disquisition on Darkness and the Blaze
 79244 | Depths:5 | Entered Level 5 of the Depths
 79752 | Depths:5 | Found a gate to the Realm of Zot.
 79804 | Depths:5 | Paralysed by a floating eye for 2 turns
 80096 | Depths:5 | Found a radiant altar of Vehumet.
 80178 | Depths:5 | Identified the +6 tower shield "Soasabeh" {rElec rN+}
 81376 | D:13     | Bought 3 scrolls of magic mapping for 409 gold pieces
 81376 | D:13     | Bought a wand of digging (8) for 312 gold pieces
 81482 | Orc:2    | Bought a potion of haste for 140 gold pieces
 81482 | Orc:2    | Bought a potion of haste for 140 gold pieces
 81806 | Vaults:5 | Entered Level 5 of the Vaults
 81806 | Vaults:5 | Noticed Bai Suzhen
 81811 | Vaults:5 | Noticed Margery
 81852 | Vaults:5 | Got the Tome of the Villages
 81854 | Vaults:5 | Noticed an ancient lich
 81864 | Vaults:5 | Killed an ancient lich
 81865 | Vaults:5 | Reached skill level 23 in Fighting
 81954 | Vaults:5 | Noticed a dread lich
 81961 | Vaults:5 | Killed a dread lich
 81970 | Vaults:5 | Noticed a dread lich
 81976 | Vaults:5 | Killed a dread lich
 81991 | Vaults:5 | Reached skill level 24 in Fighting
 82252 | Vaults:5 | Killed Bai Suzhen
 82597 | Vaults:5 | Identified the ring of Moodiness {*Slow rElec rPois rN+
                  | MP+9 Str+2}
 82849 | Vaults:5 | Reached skill level 25 in Fighting
 83050 | Vaults:5 | Got a silver rune of Zot
 83090 | Vaults:5 | Killed Margery
 83489 | Vaults:5 | Identified the +5 falchion of Corruption {venom, Int+4}
 83511 | Vaults:5 | Noticed an ancient lich
 83521 | Vaults:5 | Killed an ancient lich
 83612 | Vaults:5 | Noticed a dread lich
 83630 | Vaults:5 | Noticed a dread lich
 83642 | Vaults:5 | Paralysed by a dread lich for 4 turns
 83649 | Vaults:5 | Killed a dread lich
 83684 | Vaults:5 | Killed a dread lich
 84375 | Vaults:5 | Found Kadum's Distillery.
 84390 | Vaults:5 | Bought a potion of haste for 150 gold pieces
 84390 | Vaults:5 | Bought a potion of cancellation for 120 gold pieces
 84390 | Vaults:5 | Bought a potion of haste for 150 gold pieces
 84390 | Vaults:5 | Bought a potion of curing for 45 gold pieces
 84390 | Vaults:5 | Bought a potion of curing for 45 gold pieces
 84390 | Vaults:5 | Bought a potion of brilliance for 60 gold pieces
 84738 | Vaults:5 | Reached skill level 15 in Evocations
 85015 | Hell     | Entered the Vestibule of Hell
 85015 | Hell     | Noticed Geryon
 85028 | Hell     | Gained mutation: Your magical capacity is low. (-10% MP) [a
                  | cacodemon]
 85046 | Hell     | Identified the +3 tower shield of Ridelud {rF+ rN+ Stlth+}
 85054 | Hell     | Killed Geryon
 85141 | Hell     | Found a gateway to the decaying netherworld of Tartarus.
 85236 | Hell     | Found a gateway to the ashen valley of Gehenna.
 85422 | Hell     | Found a gateway to the Iron City of Dis.
 85494 | Hell     | Found a gateway to the freezing wastes of Cocytus.
 85703 | Geh:1    | Entered Level 1 of Gehenna
 85948 | Geh:1    | Gained mutation: Your body sometimes deteriorates upon
                  | taking damage. [mutagenic glow]
 85964 | Geh:1    | Noticed a dread lich
 85969 | Geh:1    | Killed a dread lich
 86398 | Orc:2    | Bought a potion of mutation for 112 gold pieces
 86398 | Orc:2    | Bought a potion of attraction for 42 gold pieces
 86398 | Orc:2    | Bought a potion of brilliance for 56 gold pieces
 86478 | Elf:1    | Bought a potion of might for 120 gold pieces
 86478 | Elf:1    | Bought a scroll of magic mapping for 105 gold pieces
 86478 | Elf:1    | Bought a potion of haste for 300 gold pieces
 87765 | Vaults:4 | Found Dehait Wuaw's Assorted Antiques.
 88063 | Vaults:4 | Killed Gemof's ghost
 88126 | Vaults:4 | Found an opulent altar of Gozag.
 88869 | Depths:4 | Reached skill level 5 in Translocations
 88933 | Zot:1    | Entered Level 1 of the Realm of Zot
 89030 | Zig:1    | Entered Level 1 of a ziggurat
 89066 | Zig:2    | Entered Level 2 of a ziggurat
 89124 | Zig:3    | Entered Level 3 of a ziggurat
 89151 | Zig:3    | Identified the +0 scale mail of the Several Ghosts {Dex+5}
 89195 | Zig:4    | Entered Level 4 of a ziggurat
 89208 | Zig:4    | Paralysed by accursed screaming for 1 turns
 89276 | Zig:5    | Entered Level 5 of a ziggurat
 89381 | Zig:5    | Identified the +6 great mace "Maejoggi" {flame, *Rage Fly
                  | Str+4 Dex+4}
 89392 | Zig:5    | Learned a level 3 spell: Lesser Beckoning
 89394 | Zig:5    | Learned a level 1 spell: Apportation
 89398 | Zig:6    | Entered Level 6 of a ziggurat
 89403 | Zig:6    | Noticed a juggernaut
 89899 | Zot:1    | Noticed a dread lich
 90108 | Depths:5 | Reached skill level 1 in Spellcasting
 90410 | Depths:5 | Killed a dread lich
 90411 | Depths:5 | Reached skill level 1 in Earth Magic
 93836 | Slime:1  | Entered Level 1 of the Pits of Slime
 93863 | Slime:1  | Reached skill level 5 in Earth Magic
 93866 | Slime:1  | Gained mutation: You are clumsy. (Dex -2) [a shining eye]
 93867 | Slime:1  | Reached skill level 1 in Transmutations
 95353 | Slime:4  | Reached skill level 5 in Transmutations
 95427 | Slime:5  | Entered Level 5 of the Pits of Slime
 95507 | Slime:5  | Gained mutation: You have hidden genetic defects. [a
                  | shining eye]
 95509 | Slime:5  | Gained mutation: Your spells are a little easier to cast,
                  | but a little less powerful. [a shining eye]
 95620 | Slime:5  | Noticed the Royal Jelly
 95942 | Slime:5  | Found a viscous altar of Jiyva.
 96105 | Slime:5  | Killed the Royal Jelly
 96127 | Slime:4  | Gained mutation: You are weak. (Str -2) [hidden defects]
 96549 | Slime:5  | Identified the +0 scale mail of the Thistle {rPois rC+}
 96563 | Slime:5  | Got a slimy rune of Zot
 96571 | Slime:5  | Got the Volume of Captivating Earth
 96593 | Slime:5  | Identified the +9 plate armour of Midnight {Slay+6}
 96603 | Slime:5  | Identified the +4 helmet of the Trout {-Tele rF- rCorr
                  | Int+6}
 97294 | Pan      | Entered Pandemonium
 97535 | Pan      | Noticed Ropnasemn the pandemonium lord
 97544 | Pan      | Killed Ropnasemn the pandemonium lord
 97581 | Pan      | Gained mutation: You are very weak. (Str -4) [hidden
                  | defects]
 97581 | Pan      | Lost mutation: You have hidden genetic defects. [hidden
                  | defects expressed]
 98135 | Pan      | Noticed Centi the pandemonium lord
 98147 | Pan      | Killed Centi the pandemonium lord
 98403 | Depths:5 | Escaped Pandemonium
 98858 | Pan      | Entered Pandemonium
 98935 | Pan      | Identified the +1 plate armour of Zeejatt {Drain rPois
                  | Slay+6 Stlth-}
 98950 | Pan      | Reached skill level 1 in Dodging
 98974 | Pan      | Noticed Isoskeo the pandemonium lord
 98985 | Pan      | Killed Isoskeo the pandemonium lord
 98986 | Pan      | Reached skill level 5 in Dodging
 99273 | Pan      | Gained mutation: You are frail. (-10% HP) [a neqoxec]
 99289 | Pan      | Identified the +2 tower shield of Tego {rC+ rCorr}
 99515 | Pan      | Gained mutation: You do not regenerate when monsters are
                  | visible. [a neqoxec]
100125 | Pan      | Reached skill level 10 in Dodging
101794 | Pan      | Noticed Zeplok the pandemonium lord
101807 | Pan      | Killed Zeplok the pandemonium lord
101813 | Pan      | Reached skill level 10 in Earth Magic
101945 | Pan      | Gained mutation: Potions are less effective at restoring
                  | your health. [a neqoxec]
102015 | Depths:5 | Escaped Pandemonium
102080 | Tar:1    | Entered Level 1 of Tartarus
102111 | Tar:1    | Gained mutation: You tend to lose your temper in combat.
                  | [mutagenic glow]
102442 | Hell     | Lost mutation: You tend to lose your temper in combat.
                  | [potion of mutation]
102442 | Hell     | Lost mutation: Your magical capacity is low. (-10% MP)
                  | [potion of mutation]
102442 | Hell     | Lost mutation: You are clumsy. (Dex -2) [potion of
                  | mutation]
102442 | Hell     | Gained mutation: Potions cannot restore your health.
                  | [potion of mutation]
102442 | Hell     | Gained mutation: You have sharp fingernails. [potion of
                  | mutation]
102443 | Hell     | Lost mutation: You do not regenerate when monsters are
                  | visible. [potion of mutation]
102443 | Hell     | Lost mutation: Potions cannot restore your health. [potion
                  | of mutation]
102443 | Hell     | Gained mutation: You have large cloven feet. [potion of
                  | mutation]
102444 | Hell     | Lost mutation: You have sharp fingernails. [potion of
                  | mutation]
102444 | Hell     | Lost mutation: You are very weak. (Str -4) [potion of
                  | mutation]
102444 | Hell     | Lost mutation: Your body sometimes deteriorates upon taking
                  | damage. [potion of mutation]
102444 | Hell     | Gained mutation: You have hidden genetic potential. [potion
                  | of mutation]
102444 | Hell     | Gained mutation: You possess an exceptional clarity of
                  | mind. [potion of mutation]
103683 | Zot:1    | Acquired the +2 helmet "Earthly Heaven" {rPois Int+4}
104222 | Zot:1    | Reached skill level 10 in Translocations
106338 | Zot:2    | Noticed an orb of fire
106351 | Zot:2    | Gained mutation: You occasionally shout uncontrollably at
                  | your foes. [an orb of fire]
106353 | Zot:2    | Killed an orb of fire
106354 | Zot:2    | Reached skill level 26 in Fighting
107121 | Zot:2    | Noticed a juggernaut
107121 | Zot:2    | a Killer Klown changed into a juggernaut
107127 | Zot:2    | Killed a juggernaut
107223 | Zot:2    | Noticed an orb of fire
107236 | Zot:2    | Gained mutation: Your movements are slightly less
                  | encumbered by armour. (ER -2) [an orb of fire]
107249 | Zot:2    | Gained mutation: You frequently scream uncontrollably at
                  | your foes. [an orb of fire]
107254 | Zot:2    | Gained mutation: Your spells are easier to cast, but less
                  | powerful. [an orb of fire]
107263 | Zot:2    | Gained mutation: Your spells are much easier to cast, but
                  | much less powerful. [an orb of fire]
107265 | Zot:2    | Killed an orb of fire
107662 | Zot:2    | Reached skill level 27 in Fighting
109077 | Zot:3    | Gained mutation: You passively map a small area around you.
                  | [hidden potential]
111465 | Zot:3    | Learned a level 3 spell: Swiftness
111484 | Zot:3    | Reached skill level 1 in Air Magic
112797 | Zot:4    | Reached skill level 5 in Air Magic
114674 | Zot:4    | Reached skill level 10 in Air Magic
115309 | Temple   | Entered the Ecumenical Temple
115354 | Temple   | Fell from the grace of the Shining One
115354 | Temple   | Became a worshipper of Zin the Law-Giver
115354 | Temple   | Reached * piety under Zin
115354 | Temple   | Reached ** piety under Zin
115354 | Temple   | Reached *** piety under Zin
115354 | Temple   | Reached **** piety under Zin
115355 | Temple   | Donated 1639 gold pieces to Zin
115356 | Temple   | Donated 820 gold pieces to Zin
115357 | Temple   | Donated 410 gold pieces to Zin
115358 | Temple   | Donated 205 gold pieces to Zin
115359 | Temple   | Donated 102 gold pieces to Zin
115360 | Temple   | Donated 51 gold pieces to Zin
115396 | D:7      | Reached ***** piety under Zin
115566 | D:15     | Reached ****** piety under Zin
115645 | Depths:4 | Voluntarily entered the Abyss.
115668 | Abyss:1  | Found a corrupted altar of Lugonu.
115672 | Abyss:1  | Found a corrupted altar of Lugonu.
115825 | Abyss:1  | Found a corrupted altar of Lugonu.
116031 | Abyss:2  | Found a candlelit altar of Ignis.
116115 | Depths:4 | Escaped the Abyss
116280 | Zot:5    | Entered Level 5 of the Realm of Zot
117881 | Zot:5    | Lost mutation: You passively map a small area around you.
                  | [potion of mutation]
117881 | Zot:5    | Lost mutation: Your spells are much easier to cast, but
                  | much less powerful. [potion of mutation]
117882 | Zot:5    | Lost mutation: You possess an exceptional clarity of mind.
                  | [potion of mutation]
117882 | Zot:5    | Lost mutation: You are frail. (-10% HP) [potion of
                  | mutation]
117883 | Zot:5    | Lost mutation: You frequently scream uncontrollably at your
                  | foes. [potion of mutation]
117883 | Zot:5    | Lost mutation: You occasionally shout uncontrollably at
                  | your foes. [potion of mutation]
117883 | Zot:5    | Lost mutation: You have large cloven feet. [potion of
                  | mutation]
118444 | Zot:5    | Noticed a dread lich
118450 | Zot:5    | Noticed an orb of fire
118881 | Zot:5    | Noticed an ancient lich
118885 | Zot:5    | Noticed an orb of fire
118892 | Zot:5    | Noticed an orb of fire
119010 | Zot:5    | Lost mutation: You are weak. (Str -2) [an orb of fire]
119015 | Zot:5    | Killed an orb of fire
119109 | Zot:5    | Noticed a dread lich
119126 | Zot:5    | Killed a dread lich
119200 | Zot:5    | Killed a dread lich
119219 | Zot:5    | Killed an orb of fire
119846 | Zot:5    | Donated 55 gold pieces to Zin
120561 | Depths:3 | Upgraded the game from 0.28-a0-425-gd0eccab798 to
                  | 0.28-a0-429-g1448048969
121252 | Vaults:5 | Reached skill level 1 in Slings
121962 | Temple   | Fell from the grace of Zin
121962 | Temple   | Became a worshipper of the Shining One
122283 | Depths:4 | Voluntarily entered the Abyss.
122393 | Abyss:1  | Gained mutation: Your body sometimes deteriorates upon
                  | taking damage. [a neqoxec]
122486 | Abyss:1  | Reached skill level 5 in Slings
122772 | Abyss:3  | Identified the +0 robe "Zope" {Will+ Slay+2}
122849 | Abyss:3  | Paralysed by accursed screaming for 2 turns
122860 | Abyss:3  | Paralysed by accursed screaming for 1 turns
123048 | Abyss:4  | Got an abyssal rune of Zot
123059 | Depths:4 | Escaped the Abyss
123432 | Pan      | Entered the realm of Cerebov.
123432 | Pan      | Entered Pandemonium
124099 | Pan      | Lost mutation: Your spells are easier to cast, but less
                  | powerful. [hidden potential]
124099 | Pan      | Lost mutation: You have hidden genetic potential. [hidden
                  | potential expressed]
124125 | Pan      | Reached skill level 10 in Slings
124855 | Pan      | Identified the +11 war axe of the Extremes {antimagic,
                  | rPois rC+ Str+6}
125043 | Pan      | Found the +6 sword of Cerebov {flame}
125043 | Pan      | Noticed Cerebov
125076 | Pan      | Killed Cerebov
125523 | Pan      | Got a fiery rune of Zot
125853 | Pan      | Reached skill level 5 in Spellcasting
125859 | Pan      | Learned a level 4 spell: Passage of Golubria
125925 | Pan      | Got the Handbook of Mutagenic Necromancy
126389 | Pan      | Gained mutation: Armour fits poorly on your strangely
                  | shaped body. [a neqoxec]
126390 | Pan      | Gained mutation: You are clumsy. (Dex -2) [a neqoxec]
126453 | Pan      | Identified the +3 ring mail of the Forsaken Knives {rF+
                  | rN+}
126581 | Pan      | Gained mutation: You are occasionally teleported next to
                  | monsters. [a cacodemon]
126828 | Pan      | Gained mutation: You occasionally shout uncontrollably at
                  | your foes. [a neqoxec]
127954 | Pan      | Identified the +3 tower shield of the Onion {Str+6}
127996 | Pan      | Gained mutation: You do not regenerate when monsters are
                  | visible. [a neqoxec]
128000 | Pan      | Gained mutation: You are frail. (-10% HP) [a neqoxec]
128677 | Pan      | Lost mutation: Armour fits poorly on your strangely shaped
                  | body. [potion of mutation]
128677 | Pan      | Lost mutation: You are frail. (-10% HP) [potion of
                  | mutation]
128677 | Pan      | Gained mutation: You passively map a small area around you.
                  | [potion of mutation]
128677 | Pan      | Gained mutation: You have hidden genetic potential. [potion
                  | of mutation]
128677 | Pan      | Gained mutation: You possess an exceptional clarity of
                  | mind. [potion of mutation]
128678 | Pan      | Lost mutation: Your body sometimes deteriorates upon taking
                  | damage. [potion of mutation]
128679 | Pan      | Lost mutation: Your spells are a little easier to cast, but
                  | a little less powerful. [potion of mutation]
128679 | Pan      | Lost mutation: You are clumsy. (Dex -2) [potion of
                  | mutation]
128679 | Pan      | Lost mutation: You possess an exceptional clarity of mind.
                  | [potion of mutation]
128679 | Pan      | Gained mutation: Your skin changes colour to match your
                  | surroundings (Stealth+). [potion of mutation]
128680 | Pan      | Lost mutation: You occasionally shout uncontrollably at
                  | your foes. [potion of mutation]
128680 | Pan      | Lost mutation: You do not regenerate when monsters are
                  | visible. [potion of mutation]
128680 | Pan      | Gained mutation: You are frail. (-10% HP) [potion of
                  | mutation]
128680 | Pan      | Gained mutation: You have a pair of small antennae on your
                  | head. [potion of mutation]
128680 | Pan      | Gained mutation: You have large cloven feet. [potion of
                  | mutation]
128684 | Pan      | Entered the realm of Lom Lobon.
128684 | Pan      | Noticed Lom Lobon
129322 | Pan      | Lost mutation: You have large cloven feet. [potion of
                  | mutation]
129322 | Pan      | Lost mutation: You are occasionally teleported next to
                  | monsters. [potion of mutation]
129322 | Pan      | Gained mutation: You are dopey. (Int -2) [potion of
                  | mutation]
129524 | Pan      | Got a magical rune of Zot
129554 | Pan      | Killed Lom Lobon
130257 | Pan      | Entered the realm of Gloorx Vloq.
130733 | Pan      | Found an exit through the horrors of the Abyss.
130808 | Pan      | Noticed Gloorx Vloq
130816 | Pan      | Killed Gloorx Vloq
130842 | Pan      | Got a dark rune of Zot
131122 | Pan      | Entered the realm of Mnoleg.
131158 | Pan      | Gained mutation: You are very frail. (-20% HP) [a
                  | cacodemon]
131162 | Pan      | Reached skill level 15 in Dodging
131203 | Pan      | Learned a level 4 spell: Summon Lightning Spire
131361 | Pan      | Found an exit through the horrors of the Abyss.
131369 | Pan      | Gained mutation: You sometimes lose the ability to read
                  | scrolls when taking damage. [a cacodemon]
131370 | Pan      | Gained mutation: You are very dopey. (Int -4) [a cacodemon]
131373 | Pan      | Reached skill level 1 in Summonings
131648 | Pan      | Gained mutation: You are extremely frail. (-30% HP) [a
                  | neqoxec]
131729 | Pan      | Noticed Mnoleg
131740 | Pan      | Reached skill level 5 in Summonings
131740 | Pan      | Paralysed by a floating eye for 4 turns
131746 | Pan      | Paralysed by a Zot trap for 2 turns
131752 | Pan      | Killed Mnoleg
131756 | Pan      | Gained mutation: Your spells are a little harder to cast,
                  | but a little more powerful. [hidden potential]
132101 | Pan      | Got a glowing rune of Zot
132509 | Pan      | Lost mutation: You sometimes lose the ability to read
                  | scrolls when taking damage. [a cacodemon]
132518 | Pan      | Gained mutation: Your body sometimes deteriorates upon
                  | taking damage. [a cacodemon]
132572 | Pan      | Gained mutation: Your body often deteriorates upon taking
                  | damage. [a cacodemon]
132574 | Pan      | Gained mutation: You are weak. (Str -2) [a cacodemon]
132931 | Pan      | Reached skill level 10 in Summonings
132985 | Pan      | Found an exit through the horrors of the Abyss.
133054 | Pan      | Noticed Bufokkug the pandemonium lord
133059 | Pan      | Killed Bufokkug the pandemonium lord
134539 | Pan      | Found a white marble altar of Elyvilon.
136551 | Pan      | Was placed under penance by the Shining One
137282 | Pan      | Reached skill level 1 in Long Blades
138640 | Pan      | Reached skill level 5 in Long Blades
138930 | Pan      | HP: 8/191 [daeva/divine providence (16)]
138931 | Pan      | Killed from afar by a daeva

Illustrated notes

Levels and vault maps discovered:
D:1:      grunt_arrival_crossed_arrows, layout_loops_ring,
          shapermc_ecumenical_altar_notcrosses
D:2:      layout_loops_ring, serial_shops, shop, nicolae_lakefront_shop, shop,
          nicolae_shop_crystal, kennysheep_generic_room_12
D:3:      layout_basic, wad_orctagon, uniq_jessica
D:4:      layout_loops_corners, chequers_temple_overflow_statue_of_worship,
          biasface_ghost_orc_armoury, nrook_loot_triangle
D:5:      layout_basic, hellmonk_bongcloud_opening, uniq_sigmund
D:6:      layout_basic, nicolae_ossuary_entry_plus, hangedman_decor_riveting,
          kennysheep_generic_room_2, uniq_crazy_yiuf_cottage
D:7:      layout_gridville, temple_fountains
D:8:      layout_gridville, serial_shops, nicolae_shop_stone, enter_bailey_4,
          kennysheep_boxes
D:9:      layout_long_grid, old_standard_altar, minmay_orc_entry_temple_small,
          serial_shops, nicolae_square_shop, lightli_orcish_oven
D:10:     layout_loops_corners, minmay_sticks_and_stones
D:11:     minmay_s_stair_smasher, layout_irregular_city,
          erik_lair_orcish_takeover, okawaru_gym_becter
D:12:     minmay_chambers_of_sixes, layout_loops_ring, nicolae_shop_firing_range
D:13:     layout_rooms, serial_undead, serial_undead_f, serial_undead_b,
          serial_undead_b, serial_undead_f, serial_undead_f, serial_shops,
          nicolae_square_shop, minivault_19
D:14:     hangedman_arrow_trap, layout_basic, lightli_vaults_fourway_checkpoint,
          ashenzari_altar_1, uniq_josephine
D:15:     hangedman_depths_entry_civil_slaughter, layout_long_grid,
          minmay_misc_feat_more_columns, hangedman_decor_clover_reticule,
          fedhas_altar_4
Temple:   dpeg_five_rooms_temple
Lair:1:   layout_gridlike, grunt_forest_small_clearings, serial_bayou_pond_b,
          serial_bayou_shore_a
Lair:2:   layout_cave_shapes, swamp_mist, nicolae_spider_entry_tight_spaces
Lair:3:   layout_long_grid, special_room [special_room_bee]
Lair:4:   regret_index_wax_grids, layout_cave_pods, grunt_megastairs_4,
          infiniplex_staircase_pool
Lair:5:   layout_roguey
Lair:6:   hangedman_lair_in_review, layout_cellular_growth,
          guppyfry_lair_end_dragon, slime_altar_1, gammafunk_ghost_ooze,
          nicolae_quartered_pool_medium, gammafunk_lair_bear_cave,
          serial_bayou_shore_b
Swamp:1:  layout_basic_swamp, evilmike_swamp_ruin_rubble_1
Swamp:2:  layout_falls_marsh, hangedman_swamp_ruin_wall
Swamp:3:  layout_basic_swamp, basic_altar, grunt_witch_cave, uniq_aizul
Swamp:4:  swamp_icy, layout_basic_swamp, uniq_mlioglotl
Spider:1: layout_spider_delve, nicolae_spider_orb_run,
          hangedman_spider_tarantella_strand
Spider:2: nicolae_spider_hilbert_zone_3 [nicolae_spider_hilbert_4_sides_2_open,
          nicolae_spider_hilbert_3_sides_1_open,
          nicolae_spider_hilbert_3_sides_1_open,
          nicolae_spider_hilbert_3_sides_1_open,
          nicolae_spider_hilbert_3_sides_1_open,
          nicolae_spider_hilbert_4_sides_1_open,
          nicolae_spider_hilbert_4_sides_1_open,
          nicolae_spider_hilbert_4_sides_1_open,
          nicolae_spider_hilbert_4_sides_1_open,
          nicolae_spider_hilbert_4_sides_1_open,
          nicolae_spider_hilbert_4_sides_1_open,
          nicolae_spider_hilbert_4_sides_1_open,
          nicolae_spider_hilbert_4_sides_1_open,
          nicolae_spider_hilbert_3_sides_1_open,
          nicolae_spider_hilbert_3_sides_1_open,
          nicolae_spider_hilbert_3_sides_1_open,
          nicolae_spider_hilbert_3_sides_1_open], nicolae_spider_webs_and_nodes,
          uniq_frances
Spider:3: layout_spider_delve, uniq_arachne, uniq_asterion
Spider:4: spider_rune_water, portal_ice_cave_entry_ugly_swarm,
          gammafunk_ghost_berserking_beasts, nicolae_spider_checkerboard
Slime:1:  layout_caves
Slime:2:  layout_caves
Slime:3:  layout_caves
Slime:4:  layout_caves
Slime:5
Orc:1:    layout_caves
Orc:2:    st_orc_open, layout_caves, basic_altar, gauntlet_entry_generic
Elf:1:    minmay_elf_crystal_pentagon, layout_loops_corners, serial_shops, shop,
          shop, orc_legates, minmay_misc_feat_rows
Elf:2:    elven_hall_of_blades_hangedman_original
          [nicolae_vaults_blade_armed_guards], layout_geoelf_diagonals,
          basic_altar, minivault_25_ag, nicolae_elf_big_sculpture_1,
          uniq_jorgrun
Elf:3:    minmay_elf_hall_curves, layout_rooms, minivault_25_ag,
          corexii_leaking_fountain, uniq_donald
Vaults:1: nicolae_vaults_quartermaster, hangedman_vaults_maws, v_misc_13,
          hangedman_vaults_pinch, v_misc_12, v_alt_pattern_1, v_alt_pattern_2,
          ontoclasm_vaults_decontamination, layout_vaults_omnigrid,
          portal_desolation_entry_twin_temple
Vaults:2: nicolae_vaults_little_ls, v_misc_28, hangedman_vaults_stitches,
          v_misc_12, vaults_room_ringed_pool, nicolae_vaults_little_squares_2,
          nicolae_vaults_network_square, nicolae_vaults_little_squares_4,
          layout_vaults_big_room
Vaults:3: ontoclasm_vaults_ring_small, minmay_crypt_entry_simple_statues,
          ontoclasm_vaults_hangar, vaults_room_door_ring, vaults_dpeg_spiral,
          vaults_standard_mumra_lines, hangedman_vaults_restitches,
          ontoclasm_vaults_shuriken, nicolae_vaults_circle_grid_a,
          ontoclasm_vaults_tryst, v_alt_pattern_4, v_misc_15,
          nicolae_vaults_specimen_jars, nicolae_vaults_angled_halls,
          vaults_dpeg_diagonal, layout_vaults_maze
Vaults:4: ebering_vaults_ghost_gozag, v_alt_pattern_4,
          nicolae_vaults_ring_of_whatevers, st_greater_box_1,
          grunt_vaults_funnel, grunt_vaults_swirl,
          nicolae_vaults_stairing_the_circle, vaults_room_semicircle, v_misc_26,
          layout_vaults_omnibox, serial_shops, shop
Vaults:5: uniq_margery, uniq_bai_suzhen
Crypt:1:  layout_rooms, mu_enter_wizlab_1, grunt_ministairs_1,
          grunt_megastairs_1
Crypt:2:  layout_chaotic_city, nzn_life_drinkers
Crypt:3:  cryptofortress_bobbens
Depths:1: layout_cave_pools, hangedman_geh_valley, slow_altar_1,
          grunt_megastairs_3, serial_bayou_shore_b
Depths:2: minmay_the_grid_ultimate [minmay_the_grid_prize_big_room,
          minmay_the_grid_prize_diamond_cup, minmay_the_grid_prize_trominoes,
          minmay_the_grid_prize_four_corners_diamond_b,
          minmay_the_grid_square_5x5_spiral, minmay_the_grid_square_5x5_mess,
          minmay_the_grid_square_5x5_two_walls_a,
          minmay_the_grid_square_5x5_eight, minmay_the_grid_square_5x5_slash,
          minmay_the_grid_square_5x5_inset, minmay_the_grid_square_5x5_seven,
          minmay_the_grid_square_5x5_percent, minmay_the_grid_square_5x5_empty,
          minmay_the_grid_square_5x5_c, minmay_the_grid_square_5x5_shrine1,
          minmay_the_grid_square_5x5_plus, minmay_the_grid_square_5x5_tie,
          minmay_the_grid_square_5x5_detours,
          minmay_the_grid_square_5x5_minimal,
          minmay_the_grid_triangle_9x9_corrupted_corridor,
          minmay_the_grid_triangle_9x9_shrine,
          minmay_the_grid_triangle_9x9_subtriangle,
          minmay_the_grid_triangle_9x9_limited_checkers,
          minmay_the_grid_triangle_9x9_semitri,
          minmay_the_grid_triangle_9x9_zippers_horizontal,
          minmay_the_grid_triangle_9x9_descending_squares,
          minmay_the_grid_triangle_9x9_warning,
          minmay_the_grid_triangle_9x9_pentomino_pain,
          minmay_the_grid_triangle_9x9_flanged_cone,
          minmay_the_grid_triangle_9x9_sprig,
          minmay_the_grid_triangle_9x9_from_above,
          minmay_the_grid_triangle_9x9_odd_lines,
          minmay_the_grid_triangle_9x9_sparse_checkered,
          minmay_the_grid_triangle_9x9_intruding_spiral,
          minmay_the_grid_triangle_9x9_checkered,
          minmay_the_grid_square_5x5_tri_point, minmay_the_grid_octo_chip,
          minmay_the_grid_octo_vomiting_pacman, minmay_the_grid_octo_toaster,
          minmay_the_grid_octo_77, minmay_the_grid_octo_empty,
          minmay_the_grid_octo_fat_diamond, minmay_the_grid_octo_teeth,
          minmay_the_grid_octo_horde, minmay_the_grid_minigrid_large,
          minmay_the_grid_tiny_cups, minmay_the_grid_garden,
          minmay_the_grid_diamond_grid], hell_entry
Depths:3: minmay_bad_star, layout_basic, enter_ziggurat_d, hell_entry,
          kennysheep_path_1, serial_curves, eino_curves_04, eino_curves_04,
          eino_curves_03, serial_shops, nicolae_shop_statue_plus, pan_entry,
          infiniplex_staircase_x
Depths:4: kennysheep_demon_jail, layout_long_grid, minivault_14,
          abyss_entry_crystal, pf_coc_iceberg, st_stairs_11,
          kennysheep_treasure_room, uniq_mara
Depths:5: grunt_zot_entry_pinwheel, layout_cave_pools, rand_demon_pan_entry_7,
          hell_entry, fiery_altar_vehumet
Hell
Geh:1:    layout_gehenna_pools_triple
Tar:1:    layout_catacombs, nicolae_tar_cuneiform_two
Tar:2:    layout_grid_maze, nicolae_tar_cuneiform_water
Zot:1:    hangedman_zot_vaults_quadrants, layout_cathedral_of_symmetry
Zot:2:    layout_gridville
Zot:3:    layout_gridlike
Zot:4:    kennysheep_ambush_hall, layout_cellular_growth
Zot:5:    layout_onion
Pan:      pan_disco_hall, layout_grid_shapes, rand_demon_6,
          layout_irregular_city, pan_blood_fountain_2,
          nicolae_pan_lom_lobonic_1, evilmike_mini_pan_doors,
          layout_grid_shapes, lemuel_hellion_island, layout_basic,
          nicolae_pan_gloorx_vloqian_2, evilmike_mini_pan_corner,
          layout_pan_divisions_b [pan_division_quadrant_b5,
          pan_division_quadrant_b6, pan_division_quadrant_b6,
          pan_division_quadrant_b4], cerebov_st, layout_stronghold,
          evilmike_mini_pan_pillars, layout_chambers,
          nicolae_pan_gloorx_vloqian_1, lom_lobon, layout_irregular_city,
          gloorx_vloq_grunt_torture_chamber, layout_basic, evilmike_mnoleg_eyes,
          layout_cross, nicolae_pan_gloorx_vloqian_2, nicolae_pan_glass_arcs,
          layout_long_grid, evilmike_holy_pan

Skill      XL: |  1  2  3  4  5  6  7  8  9 10 11 12 13 14 15 16 17 18 19 20 21 22 23 24 25 26 27 |
---------------+----------------------------------------------------------------------------------+-----
Axes           | 3 4 5 6 8 10 11 13 14 15 19 20 | 20.0
Invocations    | 4 5 13 14 15 17 18 20 22 23 24 | 24.5
Fighting       | 7 8 9 11 12 14 15 16 17 19 20 22 27 | 27.0
Armour         | 7 9 10 13 14 15 17 18 20 23 26 | 26.0
Throwing       | 8 9 11 12 | 12.0
Maces & Flails | 6 9 13 14 15 16 17 | 17.2
Shields        | 7 9 13 15 | 15.0
Evocations     | 10 17 | 17.5
Translocations | 14 | 14.2
Spellcasting   | 5 |  5.0
Earth Magic    | 12 | 12.3
Transmutations | 8 |  8.8
Dodging        | 15 | 15.2
Air Magic      | 13 | 13.6
Slings         | 12 | 12.1
Summonings     | 14 | 14.4
Long Blades    | 6 |  6.0

Action                   |  1- 3 |  4- 6 |  7- 9 | 10-12 | 13-15 | 16-18 | 19-21 | 22-24 | 25-27 || total
-------------------------+-------+-------+-------+-------+-------+-------+-------+-------+-------++-------
Melee: War axe           |    54 |   108 |   249 |   293 |       |       |       |       |       ||   704
       Morningstar       |       |       |       |   175 |   668 |   580 |   540 |     5 |       ||  1968
       Broad axe         |       |       |       |       |       |   261 |   350 |  1281 |  3440 ||  5332
       Staff             |       |       |       |       |       |       |       |    17 |       ||    17
 Fire: Fustibalus        |       |       |       |       |       |       |       |       |  1188 ||  1188
Throw: Stone             |    10 |    43 |    14 |       |       |       |       |       |       ||    67
       Boomerang         |       |       |    13 |   139 |   320 |   522 |   285 |   363 |   720 ||  2362
       Dart              |       |       |       |       |    44 |       |       |       |       ||    44
 Cast: Blink             |       |       |       |       |       |       |       |       |   122 ||   122
       Summon Lightning  |       |       |       |       |       |       |       |       |    26 ||    26
       Passwall          |       |       |       |       |       |       |       |       |     8 ||     8
       Apportation       |       |       |       |       |       |       |       |       |     6 ||     6
       Passage of Golubr |       |       |       |       |       |       |       |       |     4 ||     4
       Lesser Beckoning  |       |       |       |       |       |       |       |       |     1 ||     1
Invok: Cleansing Flame   |       |       |       |     4 |    20 |    31 |    26 |    41 |   248 ||   370
       Summon Divine War |       |       |       |       |     4 |     7 |    15 |    17 |   100 ||   143
       Divine Shield     |       |       |       |       |       |     1 |     1 |       |     2 ||     4
       Brand Weapon With |       |       |       |       |       |       |       |     1 |       ||     1
       Donate Gold       |       |       |       |       |       |       |       |       |     7 ||     7
       Vitalisation      |       |       |       |       |       |       |       |       |     6 ||     6
       Sanctuary         |       |       |       |       |       |       |       |       |     3 ||     3
       Recite            |       |       |       |       |       |       |       |       |     2 ||     2
       Imprison          |       |       |       |       |       |       |       |       |     1 ||     1
Evoke: Wand              |       |       |     6 |    26 |    24 |    29 |    39 |     6 |   164 ||   294
       Lightning rod     |       |       |       |       |     4 |    13 |    22 |       |    29 ||    68
       Phantom mirror    |       |       |       |       |       |       |       |     6 |    21 ||    27
       Tin of tremorston |       |       |       |       |       |       |       |     5 |    42 ||    47
       Phial of floods   |       |       |       |       |       |       |       |     3 |    20 ||    23
       Box of beasts     |       |       |       |       |       |       |       |       |    23 ||    23
  Use: Scroll            |       |     1 |    14 |    10 |     7 |    15 |    13 |     8 |    51 ||   119
       Potion            |       |     4 |     1 |     8 |     4 |    15 |     4 |     6 |    79 ||   121
 Stab: Distracted        |       |       |       |       |       |       |       |       |     1 ||     1
Armor: Scale mail        |    24 |    40 |    70 |   249 |       |       |       |       |       ||   383
       Plate armour      |       |       |    45 |    69 |   324 |       |   286 |       |       ||   724
       Skin              |       |       |       |       |    64 |       |       |       |       ||    64
       Chain mail        |       |       |       |       |    58 |   623 |    97 |       |       ||   778
       Crystal plate arm |       |       |       |       |       |       |    48 |   844 |  1007 ||  1899
       Gold dragon scale |       |       |       |       |       |       |       |       |  1824 ||  1824
Dodge: Dodged            |    35 |    40 |   106 |   179 |   186 |   354 |   229 |   180 |  1175 ||  2484
Block: Buckler           |    13 |    28 |    50 |    40 |       |       |       |       |       ||   131
       Kite shield       |       |       |       |   168 |   449 |   666 |   504 |   751 |  2194 ||  4732
       Reflection        |       |       |       |       |       |       |       |     1 |    83 ||    84

Table legend: (Time is in decaauts)
 A = Elapsed time spent in this place.
 B = Non-inter-level travel time spent in this place.
 C = Inter-level travel time spent in this place.
 D = Time resting spent in this place.
 E = Time spent auto-exploring this place.
 F = Levels seen in this place.
 G = Mean time per level.
                   A        B        C        D        E       F      G
               +--------+--------+--------+--------+--------+-----+--------+
         Total | 136392 | 123242 |  13150 |  44186 |  50396 |  91 | 1498.8 |
       Dungeon |  25486 |  20359 |   5127 |   6259 |  10568 |  15 | 1699.1 |
        Temple |    147 |     57 |     90 |      0 |     28 |   1 |  147.0 |
          Lair |  10867 |  10186 |    681 |   3425 |   4605 |   6 | 1811.2 |
         Swamp |   4120 |   3837 |    283 |   1002 |   1701 |   4 | 1030.0 |
   Spider Nest |   7354 |   6887 |    467 |   2179 |   3125 |   4 | 1838.5 |
    Slime Pits |   2819 |   2795 |     24 |   1091 |    944 |   5 |  563.8 |
  Orcish Mines |   1925 |   1475 |    450 |    434 |    795 |   2 |  962.5 |
   Elven Halls |   5392 |   4727 |    665 |    108 |   3109 |   3 | 1797.3 |
        Vaults |  16703 |  14234 |   2469 |   4867 |   6254 |   5 | 3340.6 |
         Crypt |   3072 |   2863 |    209 |    476 |   1601 |   3 | 1024.0 |
        Depths |  19468 |  17526 |   1942 |   9484 |   5056 |   5 | 3893.6 |
          Hell |    856 |    799 |     57 |    105 |    385 |   1 |  856.0 |
       Gehenna |    290 |    290 |      0 |     24 |    161 |   1 |  290.0 |
      Tartarus |    251 |    251 |      0 |      0 |    172 |   2 |  125.5 |
           Zot |  14701 |  14020 |    681 |   7467 |   4323 |   5 | 2940.2 |
         Abyss |   2564 |   2564 |      0 |    321 |    311 |   9 |  284.9 |
   Pandemonium |  19097 |  19097 |      0 |   6448 |   6991 |  12 | 1591.4 |
      Ziggurat |    348 |    348 |      0 |      8 |    110 |   6 |   58.0 |
       Ossuary |    226 |    226 |      0 |      0 |    109 |   1 |  226.0 |
        Bailey |    699 |    699 |      0 |    482 |     45 |   1 |  699.0 |
               +--------+--------+--------+--------+--------+-----+--------+

Top non-repeatable levels by time:
Depths:5: 7855 daAuts
Depths:2: 4692 daAuts
   Zot:3: 3927 daAuts
Vaults:4: 3714 daAuts
Vaults:1: 3538 daAuts
Vaults:3: 3296 daAuts
    D:11: 3233 daAuts
Vaults:5: 3110 daAuts
Vaults:2: 3044 daAuts
   Zot:4: 2981 daAuts
Depths:3: 2976 daAuts
Spider:4: 2743 daAuts
    D:10: 2696 daAuts
   Zot:2: 2685 daAuts
   Zot:1: 2586 daAuts
